AA
READING FIGHTIN PHILS @ VIRGINIA BEACH GREEN JACKETS
07/05/2023
 
TOP OF THE 1ST
Reading Fightin Phils batting - Pitching for Virginia Beach Green Jackets : RHP Elieser Hernandez
Pitching: RHP Elieser Hernandez
Batting: LHB Brian Miller 0-0: Ball
1-0: SINGLE (Groundball, 6MD, EV 104.4 MPH)
Batting: LHB Bradley Zimmer 0-0: Ball
Brian Miller steals 2nd base
1-0: Called Strike
1-1: Called Strike
1-2: Foul Ball, location: 2F
1-2: Foul Ball, location: 2F
1-2: Ball
2-2: Foul Ball, location: 2F
2-2: Ball
3-2: Foul Ball, location: 2F
3-2: Foul Ball, location: 2F
3-2: Foul Ball, location: 2F
3-2: Base on Balls
Batting: RHB Michael Chavis 0-0: Ball
1-0: SINGLE (Flyball, 7LS, EV 93.1 MPH)
Brian Miller to third
Bradley Zimmer to second
Batting: SHB Jake Mangum 0-0: Grounds into double play, 2-3 (Groundball, 15S, EV 73.1 MPH)
Bradley Zimmer to third
Michael Chavis to second
Batting: RHB Tristen Lutz 0-0: Ball
1-0: Called Strike
1-1: 3-RUN HOME RUN (Line Drive, 78XD, EV 106.9 MPH), Distance : 413 ft
Batting: RHB Mark Mathias 0-0: Ball
1-0: SINGLE (Groundball, 6S, EV 99.4 MPH)
Batting: RHB Jack Mayfield 0-0: Called Strike
0-1: Ball
1-1: Swinging Strike
1-2: Foul Ball, location: 2F
1-2: Strikes out looking
Top of the 1st over - 3 runs, 4 hits, 0 errors, 1 left on base; Reading 3 - Virginia Beach 0
BOTTOM OF THE 1ST
Virginia Beach Green Jackets batting - Pitching for Reading Fightin Phils : LHP Trevor Rogers
Pitching: LHP Trevor Rogers
Batting: RHB Patrick Frick 0-0: Called Strike
0-1: Swinging Strike
0-2: Ball
1-2: Strikes out swinging, 2-3 out at first.
Batting: RHB Felix Valerio 0-0: Called Strike
0-1: SINGLE (Groundball, 34D, EV 102.5 MPH)
Batting: RHB Colton Welker 0-0: Ball
1-0: Called Strike
1-1: Grounds into double play, 6-4-3 (Groundball, 6, EV 84.4 MPH)
Bottom of the 1st over - 0 runs, 1 hit, 0 errors, 0 left on base; Reading 3 - Virginia Beach 0
TOP OF THE 2ND
Reading Fightin Phils batting - Pitching for Virginia Beach Green Jackets : RHP Elieser Hernandez
Batting: SHB Anderson Tejeda 0-0: Called Strike
0-1: Called Strike
0-2: Ball
1-2: Foul Ball, location: 2F
1-2: Strikes out swinging
Batting: LHB Erik Ostberg 0-0: Ball
1-0: Ground out 1-3 (Groundball, 34S, EV 65.0 MPH)
Batting: LHB Brian Miller 0-0: DOUBLE (Flyball, 89XD, EV 110.6 MPH)
Batting: LHB Bradley Zimmer 0-0: Ball
1-0: Foul Ball, location: 2F
1-1: Fly out, F8 (Flyball, 8LD, EV 103.1 MPH)
Top of the 2nd over - 0 runs, 1 hit, 0 errors, 1 left on base; Reading 3 - Virginia Beach 0
BOTTOM OF THE 2ND
Virginia Beach Green Jackets batting - Pitching for Reading Fightin Phils : LHP Trevor Rogers
Batting: RHB Narciso Crook 0-0: Called Strike
0-1: Swinging Strike
0-2: Fly out, F7 (Flyball, 7LM, EV 104.4 MPH)
Batting: RHB Leobaldo Cabrera 0-0: Called Strike
0-1: Swinging Strike
0-2: Ball
1-2: Ball
2-2: Foul Ball, location: 2F
2-2: Foul Ball, location: 2F
2-2: Ground out 2-3 (Groundball, 2R, EV 72.5 MPH)
Batting: RHB Vinny Capra 0-0: Called Strike
0-1: Ball
1-1: Ground out 5-3 (Groundball, 56, EV 99.4 MPH)
Bottom of the 2nd over - 0 runs, 0 hits, 0 errors, 0 left on base; Reading 3 - Virginia Beach 0
TOP OF THE 3RD
Reading Fightin Phils batting - Pitching for Virginia Beach Green Jackets : RHP Elieser Hernandez
Batting: RHB Michael Chavis 0-0: SINGLE (Line Drive, 56D, EV 97.5 MPH)
Batting: SHB Jake Mangum 0-0: Ball
1-0: Sac Bunt to P - play at second, runner OUT! 1-6
Batting: RHB Tristen Lutz 0-0: Grounds into double play, 6-4-3 (Groundball, 6, EV 85.6 MPH)
Top of the 3rd over - 0 runs, 1 hit, 0 errors, 0 left on base; Reading 3 - Virginia Beach 0
BOTTOM OF THE 3RD
Virginia Beach Green Jackets batting - Pitching for Reading Fightin Phils : LHP Trevor Rogers
Batting: RHB Shane Selman 0-0: Ball
1-0: Swinging Strike
1-1: Foul Ball, location: 2F
1-2: Ground out 5-3 (Groundball, 5S, EV 85.6 MPH)
Batting: RHB Grant Koch 0-0: Called Strike
0-1: Fly out, F9 (Line Drive, 9S, EV 100.6 MPH)
Batting: RHB Reese Berberet 0-0: SINGLE (Flyball, 5D, EV 88.1 MPH)
Batting: RHB Patrick Frick 0-0: Swinging Strike
0-1: Ball
1-1: Fielders Choice at 2nd, 5-4 (Groundball, 5L, EV 98.8 MPH)
Bottom of the 3rd over - 0 runs, 1 hit, 0 errors, 1 left on base; Reading 3 - Virginia Beach 0
TOP OF THE 4TH
Reading Fightin Phils batting - Pitching for Virginia Beach Green Jackets : RHP Elieser Hernandez
Batting: RHB Mark Mathias 0-0: Called Strike
0-1: Called Strike
0-2: Ball
1-2: Ball
2-2: Foul Ball, location: 2F
2-2: Strikes out swinging
Batting: RHB Jack Mayfield 0-0: Fly out, F7 (Line Drive, 7, EV 108.1 MPH)
Batting: SHB Anderson Tejeda 0-0: Swinging Strike
0-1: Ball
1-1: Ball
2-1: Called Strike
2-2: SINGLE (Line Drive, 4D, EV 94.4 MPH)
Batting: LHB Erik Ostberg 0-0: Ball
Anderson Tejeda steals 2nd base
1-0: Ball
2-0: Fly out, F9 (Flyball, 9, EV 85.6 MPH)
Top of the 4th over - 0 runs, 1 hit, 0 errors, 1 left on base; Reading 3 - Virginia Beach 0
BOTTOM OF THE 4TH
Virginia Beach Green Jackets batting - Pitching for Reading Fightin Phils : LHP Trevor Rogers
Batting: RHB Felix Valerio 0-0: Ball
1-0: Called Strike
1-1: Ball
2-1: Foul Ball, location: 2F
2-2: Strikes out swinging
Batting: RHB Colton Welker 0-0: Fly out, F7 (Flyball, 7, EV 85.6 MPH)
Batting: RHB Narciso Crook 0-0: Ball
1-0: Foul Ball, location: 2F
1-1: Called Strike
1-2: Fly out, F9 (Flyball, 9D, EV 93.1 MPH)
Bottom of the 4th over - 0 runs, 0 hits, 0 errors, 0 left on base; Reading 3 - Virginia Beach 0
TOP OF THE 5TH
Reading Fightin Phils batting - Pitching for Virginia Beach Green Jackets : RHP Elieser Hernandez
Batting: LHB Brian Miller 0-0: Ball
1-0: Ball
2-0: Ball
3-0: Base on Balls
Batting: LHB Bradley Zimmer 0-0: Called Strike
0-1: Ball
1-1: Ball
Brian Miller steals 2nd base (no throw)
2-1: Foul Ball, location: 2F
2-2: Ball
3-2: Strikes out swinging
Batting: RHB Michael Chavis 0-0: Fly out, F7 (Flyball, 7, EV 82.5 MPH)
Batting: SHB Jake Mangum 0-0: Foul Ball, location: 2F
0-1: Ball
1-1: Ball
2-1: SINGLE (Line Drive, 78S, EV 100.0 MPH)
Brian Miller to third
Runner from 3rd tries for Home, SAFE, throw by CF to home
Batting: RHB Tristen Lutz 0-0: Ball
1-0: Foul Ball, location: 2F
1-1: Foul Ball, location: 2F
1-2: Foul Ball, location: 2F
1-2: Strikes out swinging
Top of the 5th over - 1 run, 1 hit, 0 errors, 1 left on base; Reading 4 - Virginia Beach 0
BOTTOM OF THE 5TH
Virginia Beach Green Jackets batting - Pitching for Reading Fightin Phils : LHP Trevor Rogers
Batting: RHB Leobaldo Cabrera 0-0: Called Strike
0-1: Ball
1-1: Foul Ball, location: 2F
1-2: Ball
2-2: Fly out, F9 (Flyball, 9S, EV 86.2 MPH)
Batting: RHB Vinny Capra 0-0: Ball
1-0: Fly out, F9 (Flyball, 89M, EV 90.0 MPH)
Batting: RHB Shane Selman 0-0: Swinging Strike
0-1: Foul Ball, location: 2F
0-2: Foul Ball, location: 2F
0-2: Ball
1-2: Reached on error, E4 (Groundball, 34, EV 90.0 MPH)
Batting: RHB Grant Koch 0-0: Ball
Shane Selman is caught stealing 2nd base 2-4
Bottom of the 5th over - 0 runs, 0 hits, 1 error, 0 left on base; Reading 4 - Virginia Beach 0
TOP OF THE 6TH
Reading Fightin Phils batting - Pitching for Virginia Beach Green Jackets : RHP Elieser Hernandez
Batting: RHB Mark Mathias 0-0: Ball
1-0: Swinging Strike
1-1: Called Strike
1-2: Strikes out swinging
Batting: RHB Jack Mayfield 0-0: Called Strike
0-1: Fly out, F8 (Flyball, 8RD, EV 106.9 MPH)
Batting: SHB Anderson Tejeda 0-0: Fly out, F8 (Line Drive, 8LD, EV 93.1 MPH)
Top of the 6th over - 0 runs, 0 hits, 0 errors, 0 left on base; Reading 4 - Virginia Beach 0
BOTTOM OF THE 6TH
Virginia Beach Green Jackets batting - Pitching for Reading Fightin Phils : LHP Trevor Rogers
Batting: RHB Grant Koch 0-0: Ball
1-0: Called Strike
1-1: Ball
2-1: SINGLE (Line Drive, 56, EV 103.1 MPH)
Batting: RHB Reese Berberet 0-0: Swinging Strike
0-1: Ball
1-1: Swinging Strike
1-2: Ball
2-2: Strikes out swinging
Batting: RHB Patrick Frick 0-0: Fly out, F8 (Line Drive, 8LD, EV 92.5 MPH)
Batting: RHB Felix Valerio 0-0: Ground out 4-3 (Groundball, 34S, EV 88.8 MPH)
Bottom of the 6th over - 0 runs, 1 hit, 0 errors, 1 left on base; Reading 4 - Virginia Beach 0
TOP OF THE 7TH
Reading Fightin Phils batting - Pitching for Virginia Beach Green Jackets : RHP Elieser Hernandez
Batting: LHB Erik Ostberg 0-0: Ball
1-0: Foul Ball, location: 2F
1-1: Ball
2-1: SINGLE (Groundball, 34D, EV 100.6 MPH)
Batting: LHB Brian Miller 0-0: Ball
1-0: SINGLE (Flyball, 56D, EV 92.5 MPH)
Erik Ostberg to second
Batting: LHB Bradley Zimmer 0-0: Ball
1-0: Fly out, F4 (Popup, 34, EV 71.2 MPH)
Batting: RHB Michael Chavis 0-0: Ball
1-0: Ball
2-0: Swinging Strike
2-1: SINGLE (Groundball, 4D, EV 97.5 MPH)
Erik Ostberg to third
Brian Miller to second
Batting: SHB Jake Mangum 0-0: Ball
1-0: Ball
2-0: Called Strike
2-1: Fly out, F8 (Flyball, 8RD, EV 104.4 MPH)
Runner from 3rd tags up, SCORES, throw by CF
Pitching: LHP Trevor Lane
Batting: RHB Tristen Lutz 0-0: Foul Ball, location: 2F
0-1: Called Strike
0-2: Ball
1-2: Foul Ball, location: 2F
1-2: Strikes out looking
Top of the 7th over - 1 run, 3 hits, 0 errors, 2 left on base; Reading 5 - Virginia Beach 0
BOTTOM OF THE 7TH
Virginia Beach Green Jackets batting - Pitching for Reading Fightin Phils : LHP Trevor Rogers
Batting: RHB Colton Welker 0-0: Ground out 4-3 (Groundball, 34, EV 104.4 MPH)
Batting: RHB Narciso Crook 0-0: Ball
1-0: Called Strike
1-1: Ball
2-1: Called Strike
2-2: Foul Ball, location: 2F
2-2: Strikes out swinging
Batting: RHB Leobaldo Cabrera 0-0: Swinging Strike
0-1: Ball
1-1: Fly out, F6 (Popup, 4S, EV 80.0 MPH)
Bottom of the 7th over - 0 runs, 0 hits, 0 errors, 0 left on base; Reading 5 - Virginia Beach 0
TOP OF THE 8TH
Reading Fightin Phils batting - Pitching for Virginia Beach Green Jackets : LHP Trevor Lane
Batting: RHB Mark Mathias 0-0: Swinging Strike
0-1: Called Strike
0-2: Foul Ball, location: 2F
0-2: Ball
1-2: Strikes out swinging
Batting: RHB Jack Mayfield 0-0: Ball
1-0: Foul Ball, location: 2F
1-1: Foul Ball, location: 2F
1-2: Ball
2-2: Foul Ball, location: 2F
2-2: Ball
3-2: Base on Balls
Batting: SHB Anderson Tejeda 0-0: Ball
1-0: Ball
2-0: Foul Ball, location: 2F
2-1: Grounds into double play, 6-4-3 (Groundball, 6, EV 106.2 MPH)
Top of the 8th over - 0 runs, 0 hits, 0 errors, 0 left on base; Reading 5 - Virginia Beach 0
BOTTOM OF THE 8TH
Virginia Beach Green Jackets batting - Pitching for Reading Fightin Phils : LHP Trevor Rogers
Batting: RHB Vinny Capra 0-0: Swinging Strike
0-1: Ball
1-1: Ground out 5-3 (Groundball, 5, EV 111.2 MPH)
Batting: RHB Shane Selman 0-0: Ball
1-0: Swinging Strike
1-1: Fly out, F4 (Popup, 34D, EV 59.4 MPH)
Batting: RHB Grant Koch 0-0: Ball
1-0: Foul Ball, location: 2F
1-1: Fly out, F4 (Popup, 3S, EV 78.8 MPH)
Bottom of the 8th over - 0 runs, 0 hits, 0 errors, 0 left on base; Reading 5 - Virginia Beach 0
TOP OF THE 9TH
Reading Fightin Phils batting - Pitching for Virginia Beach Green Jackets : LHP Trevor Lane
Batting: LHB Erik Ostberg 0-0: Ball
1-0: Ground out U3 (Groundball, 3, EV 89.4 MPH)
Batting: LHB Brian Miller 0-0: Called Strike
0-1: Foul Ball, location: 2F
0-2: SINGLE (Groundball, 34D, EV 96.2 MPH)
Batting: LHB Bradley Zimmer 0-0: SINGLE (Groundball, 34D, EV 104.4 MPH)
Brian Miller to second
Throwing error, E9
Brian Miller scores
Bradley Zimmer to second
Batting: RHB Michael Chavis 0-0: Called Strike
0-1: Ball
1-1: Foul Ball, location: 2F
1-2: Foul Ball, location: 2F
1-2: Hit by Pitch
Batting: SHB Jake Mangum 0-0: Called Strike
0-1: Fielders Choice at 2nd, 3-6 (Groundball, 34, EV 88.8 MPH)
Bradley Zimmer to third
Batting: RHB Tristen Lutz 0-0: Ball
1-0: Fly out, F8 (Flyball, 8RM, EV 89.4 MPH)
Top of the 9th over - 1 run, 2 hits, 1 error, 2 left on base; Reading 6 - Virginia Beach 0
BOTTOM OF THE 9TH
Virginia Beach Green Jackets batting - Pitching for Reading Fightin Phils : LHP Trevor Rogers
Batting: RHB Reese Berberet 0-0: Ball
1-0: Called Strike
1-1: Foul Ball, location: 2F
1-2: Strikes out swinging
Batting: RHB Patrick Frick 0-0: SINGLE (Groundball, 56, EV 108.8 MPH)
Batting: RHB Felix Valerio 0-0: Ball
1-0: Fly out, F3 (Popup, 3F, EV 82.5 MPH)
Batting: RHB Colton Welker 0-0: Fielders Choice at 2nd, 6-4 (Groundball, 6, EV 109.4 MPH)
Bottom of the 9th over - 0 runs, 1 hit, 0 errors, 1 left on base; Reading 6 - Virginia Beach 0
Thursday, May 4th , 2023 - OOTP Baseball 23.10 Build 110